 Dungeon Sprint DCSS version 0.28-a0-1616-g050a50673c (webtiles) character file.

Game seed: 16707721154358577398

247 rocky1 the Cleaver (level 6, -3/93 HPs)
             Began as an Ogre Fighter on Jan 23, 2022.
             Was a Follower of Okawaru.
             Slain by a gnoll (5 damage)
             ... in the Dungeon (Sprint VII: "The Pits").
             The game lasted 00:03:24 (408 turns).

rocky1 the Cleaver (Ogre Fighter)                    Turns: 408, Time: 00:03:24

Health: -3/93      AC:  3    Str: 23    XL:     6   Next: 11%
Magic:  6/6        EV:  9    Int:  9    God:    Okawaru [*.....]
Gold:   0          SH:  9    Dex:  8    Spells: 5/5 levels left

rFire   . . .      SeeInvis .   f - +1 hand axe (vorpal)
rCold   . . .      Faith    .   c - +0 kite shield
rNeg    . . .      Spirit   .   b - +0 robe
rPois   .          Reflect  .   (helmet restricted)
rElec   .          Harm     .   (no cloak)
rCorr   .          Rampage  .   (gloves unavailable)
Will    .....      NoTele   +   (boots unavailable)
Stlth   ..........              (no amulet)
HPRegen 0.25/turn               (no ring)
MPRegen 0.10/turn               (no ring)

@: berserking (expiring), very quick
A: large, unfitting armour, tough skin 1
a: Renounce Religion, Heroism


You were in the Dungeon.
You worshipped Okawaru.
Okawaru was aware of your devotion.
You visited 1 branch

Inventory:

Hand Weapons
 a - a +0 war axe
 f - a +1 vorpal hand axe (weapon)
Armour
 b - a +0 robe (worn)
 c - a +0 kite shield (worn)
Scrolls
 j - a scroll of blinking
 l - 5 scrolls of amnesia
Potions
 d - a potion of might
 e - 6 potions of curing
 g - a potion of haste
 h - 4 potions of magic
 i - a potion of berserk rage
 k - 2 potions of invisibility
 m - a potion of heal wounds


   Skills:
 - Level 4.0 Fighting
 + Level 8.9 Axes
 - Level 2.6 Dodging
 + Level 8.4 Shields


You had 5 spell levels left.
You didn't know any spells.
Your spell library was empty.

Dungeon Overview and Level Annotations

Branches:
Dungeon (1/1)

Altars:
Ashenzari
Cheibriados
Dithmenos
Elyvilon
Fedhas
Gozag
Hepliaklqana
Kikubaaqudgha
Makhleb
Nemelex Xobeh
Okawaru
Qazlal
Ru
Sif Muna
Trog
Uskayaw
Vehumet
Wu Jian
Xom
Yredelemnul
Zin
The Shining One
Beogh
Jiyva
Lugonu


Innate Abilities, Weirdness & Mutations

You are too large for most types of armour.
You have tough skin. (AC +1)


Message History

You hit the iron imp but do no damage.
The iron imp is severely wounded.
The gnoll sergeant hits you from afar with a +0 spear!
* * * LOW HITPOINT WARNING * * *
Unknown command.
You feel much better. The iron imp hits you.
You block the gnoll sergeant's attack.
Unknown command.
A red film seems to cover your vision as you go berserk!
You feel yourself moving faster!
You feel mighty!
The gnoll sergeant hits you from afar with a +0 spear!
You block the iron imp's attack.
You slash the iron imp!
You kill the iron imp!
Okawaru accepts your kill. You block the gnoll sergeant's attack.
You have reached level 6!
You feel stronger.
The iron imp sputters.
The gnoll hits you from afar with a +0 spear!
Items here: )) [[ ††.
The gnoll sergeant blocks your attack. The gnoll sergeant barely misses you.
You hit the gnoll sergeant.
The gnoll sergeant is moderately wounded.
The gnoll hits you from afar with a +0 spear!
* * * LOW HITPOINT WARNING * * *
The gnoll sergeant hits you with a +0 spear.
* * * LOW HITPOINT WARNING * * *
You closely miss the gnoll sergeant.
The gnoll sergeant is moderately wounded.
The gnoll hits you from afar with a +0 spear!
* * * LOW HITPOINT WARNING * * *
The gnoll sergeant blocks your attack.
The gnoll sergeant is moderately wounded.
The gnoll sergeant hits you with a +0 spear!
* * * LOW HITPOINT WARNING * * *
You slash the gnoll sergeant!
The gnoll sergeant is heavily wounded.
The gnoll hits you from afar with a +0 spear.
You die...

#'#####÷#####.....
#.#..#.....##.....
#.#))#####'#####'#
#.#))#.....##.....
#.#.)#.....##.....
#.#[[###)####.....
#.##'#...).##...<.
#.#........##.....
#@#........##.....
#g###########.....
#5g.g...# ######
#gg.#...# #...# .#
#.##. #.. #. #..
.. #.. ..


You could see a gnoll sergeant, an iron imp and 3 gnolls.

Vanquished Creatures
  A necrophage (D)
  An orc priest (D)
  A hound (D)
  An iron imp (D)
  An orc wizard (D)
  3 gnolls (D)
  An ufetubus (D)
  An orc (D)
  A bat skeleton (D)
  2 goblins (D)
  3 jackals (D)
  A giant cockroach zombie (D)
  2 rats (D)
19 creatures vanquished.

Notes
Turn   | Place    | Note
-------+----------+-------------------------------------------
     0 | D        | rocky1 the Ogre Fighter began the quest for the Orb.
     0 | D        | Reached XP level 1. HP: 24/24 MP: 1/1
    19 | D        | Found a bloodstained altar of Trog.
    19 | D        | Found a shimmering blue altar of Sif Muna.
    19 | D        | Found a viscous altar of Jiyva.
    19 | D        | Found a hazy altar of Hepliaklqana.
    19 | D        | Found an opulent altar of Gozag.
    20 | D        | Found a glowing golden altar of the Shining One.
    20 | D        | Found a glowing silver altar of Zin.
    20 | D        | Found a basalt altar of Yredelemnul.
    20 | D        | Found a shimmering altar of Xom.
    20 | D        | Found an ornate altar of the Wu Jian Council.
    20 | D        | Found a sacrificial altar of Ru.
    20 | D        | Found a stormy altar of Qazlal.
    20 | D        | Found an iron altar of Okawaru.
    20 | D        | Found a sparkling altar of Nemelex Xobeh.
    20 | D        | Found a burning altar of Makhleb.
    20 | D        | Found a blossoming altar of Fedhas.
    20 | D        | Found a white marble altar of Elyvilon.
    20 | D        | Found a shadowy altar of Dithmenos.
    20 | D        | Found a snail-covered altar of Cheibriados.
    23 | D        | Found a corrupted altar of Lugonu.
    23 | D        | Found a radiant altar of Vehumet.
    24 | D        | Found an ancient bone altar of Kikubaaqudgha.
    24 | D        | Found a hide-covered altar of Uskayaw.
    24 | D        | Found a broken altar of Ashenzari.
    28 | D        | Became a worshipper of Warmaster Okawaru
   198 | D        | Reached XP level 2. HP: 24/32 MP: 2/2
   284 | D        | Noticed a necrophage
   293 | D        | Killed a necrophage
   293 | D        | Reached * piety under Okawaru
   294 | D        | Reached XP level 3. HP: 39/39 MP: 3/3
   294 | D        | Reached XP level 4. HP: 48/48 MP: 4/4
   356 | D        | Noticed a gnoll sergeant
   360 | D        | Reached XP level 5. HP: 54/54 MP: 2/5
   403 | D        | Reached XP level 6. HP: 37/62 MP: 6/6
   407 | D        | HP: 2/93 [gnoll sergeant (7)]
   408 | D        | Slain by a gnoll

Illustrated notes

Levels and vault maps discovered:
D:        pitsprint [storerooms_1, entrance_room_1, metal_vault_2, armoury_1,
          mini_pit_1, grid_room_1, main_hall_1, silver_pit, the_coven_1,
          the_vestibule_1, steel_vault_4, golden_pit, hallway_of_sentries,
          crystal_vault_3, iron_vault_3, final_vault]

Skill      XL: |  1  2  3  4  5 |
---------------+----------------+-----
Shields        | 3 6 8 |  8.4
Axes           | 3 6 7 8 |  8.9
Fighting       | |  4.0
Dodging        | |  2.6

Action                   |  1- 3 |  4- 6 || total
-------------------------+-------+-------++-------
Melee: War axe           |    26 |     5 ||    31
       Hand axe          |       |    40 ||    40
Invok: Heroism           |       |     1 ||     1
  Use: Potion            |     2 |     5 ||     7
Armor: Robe              |     9 |     2 ||    11
Dodge: Dodged            |    19 |    18 ||    37
Block: Kite shield       |    18 |    31 ||    49

Table legend: (Time is in decaauts)
 A = Elapsed time spent in this place.
 B = Non-inter-level travel time spent in this place.
 C = Inter-level travel time spent in this place.
 D = Time resting spent in this place.
 E = Time spent auto-exploring this place.
 F = Levels seen in this place.
 G = Mean time per level.
                   A        B        C        D        E       F      G
               +--------+--------+--------+--------+--------+-----+--------+
         Total |    427 |    401 |     26 |    179 |      0 |   1 |  427.0 |
       Dungeon |    427 |    401 |     26 |    179 |      0 |   1 |  427.0 |
               +--------+--------+--------+--------+--------+-----+--------+

Top non-repeatable levels by time:
       D: 427 daAuts
